[Event "GER-chT Youth Countries 2018"]
[Site "Wurzburg"]
[Date "2018.10.06"]
[Round "6"]
[White "Glinzner, Alva"]
[Black "Hetzner, Hannes"]
[Result "1-0"]
[ECO "C05"]
[WhiteElo "1787"]
[BlackElo "1855"]
[Annotator "NA RC"]
[PlyCount "119"]
[EventDate "2018.10.03"]
[EventType "team-tourn"]
[EventCountry "GER"]
[SourceTitle "playchess.com"]
[Source "ChessBase"]
[SourceQuality "1"]
[TimeControl "40/5400+30:1800+30"]

1. e4 e6 2. d4 d5 3. Nd2 Nf6 4. e5 Nfd7 5. f4 c5 6. c3 Nc6 7. Ndf3 Qb6 8. g3 Be7 9. Kf2 {[%emt 0:01:37] C05: French Tarrasch: 3...Nf6 4 e5 Nfd7, 5 f4 and 5 Bd3 sidelines} (9. Ne2 a5 10. a3 a4 11. f5 Na5 12. Nf4 Nb3 13. Rb1 cxd4 14. cxd4 Nb8 15. Be3 Nc6 16. fxe6 Bxe6 17. Bd3 {0-1 (31) Anton Guijarro,D (2627)-Kovalenko,I (2668) Almaty 2016}) 9... f6 10. Kg2 O-O 11. Bd3 cxd4 12. cxd4 {[%emt 0:00:14] LiveBook: 11 Games} fxe5 13. fxe5 Nxd4 ({Black should play} 13... Rf7 $14) 14. Nxd4 Nxe5 {[%emt 0:03:07] [#]} 15. Bc2 $1 Kh8 $2 $146 (15... Bd7 $16 {was called for.}) ({Predecessor:} 15... Bc5 16. Ngf3 Bd7 {0-1 (31) Jasny,S (2385)-Hjelmaas,L (2282) Olomouc 2014}) 16. Ngf3 ({But not} 16. Qh5 $6 g6 $18) 16... Nxf3 17. Nxf3 e5 18. Qxd5 Bg4 19. Be4 Qa6 20. Re1 Bb4 21. Re3 ({Schlechter ist} 21. Qxb7 Qxb7 22. Bxb7 Rab8 $11) 21... Rf6 $2 (21... Rac8) 22. Bd3 Qb6 23. Be2 (23. Nxe5 $142 Be6 24. Qe4) 23... Raf8 24. Qe4 ({Und nicht} 24. Qxe5 Qc6 $11) ({Viel schwächer ist} 24. Kh1 $6 Rxf3 25. Bxf3 Qxe3 $11) 24... Bc5 {[%emt 0:01:34] [#]} (24... Bf5 {might work better.} 25. Qxe5 Bd7) 25. Rb3 $1 ({Not} 25. Nxe5 $2 Rf2+ 26. Kh1 Rxe2 $19) ({Avoid the trap} 25. Qxe5 $2 Re6 $19) 25... Qe6 26. Bd2 $2 (26. Be3 $18 Bxe3 27. Rxe3) 26... Bf5 (26... b6 $1 $11 {remains equal.}) 27. Qxb7 $2 {[%emt 0:04:30] [#]} (27. Qxe5 $16 Qxe5 28. Nxe5) 27... Bh3+ $1 28. Kh1 {[%emt 0:00:12] [#]} e4 $1 29. Ng5 Qf5 $4 (29... Bg2+ $1 $19 {und Schwarz kann entspannen.} 30. Kxg2 Rf2+ 31. Kh1 Rxh2+ 32. Kxh2 Qh6+ 33. Nh3 Rf2+ 34. Kg1 Qxh3 35. Qb8+ Rf8+ 36. Be3 Bxe3+ 37. Rxe3 Rxb8) 30. Bf4 h6 31. Nxh3 Qxh3 32. Qxe4 Re6 33. Qc4 Rfe8 34. Bf1 ({Less strong is} 34. Qxc5 Rxe2 35. Qg1 Qe6 $16) 34... Qh5 35. Bd2 Re2 (35... Re4 $142) 36. Bxe2 Rxe2 37. Rb8+ Kh7 38. Qd3+ g6 39. Rb7+ Be7 40. h4 Qg4 41. Rxe7+ Rxe7 42. Re1 Rf7 43. Kg2 Qa4 44. h5 Qc6+ 45. Qe4 Qxe4+ 46. Rxe4 gxh5 47. Re6 Rd7 48. Rxh6+ Kg7 49. Bf4 Rb7 50. Kf3 Rxb2 51. Be5+ Kxh6 $18 52. Bxb2 Kg5 53. Ke4 h4 54. gxh4+ Kxh4 55. a4 Kg5 56. a5 a6 57. Be5 Kg6 58. Kd5 Kf7 59. Kc6 Ke7 60. Bc7 1-0

[Event "GER-chT Youth Countries 2018"]
[Site "Wurzburg"]
[Date "2018.10.06"]
[Round "6"]
[White "Weimert, Miriam"]
[Black "Kageler, Anton Paul"]
[Result "1-0"]
[ECO "B24"]
[WhiteElo "1776"]
[BlackElo "1459"]
[Annotator "NA RC"]
[PlyCount "67"]
[EventDate "2018.10.03"]
[EventType "team-tourn"]
[EventCountry "GER"]
[SourceTitle "playchess.com"]
[Source "ChessBase"]
[SourceQuality "1"]
[TimeControl "40/5400+30:1800+30"]

1. e4 c5 2. Nc3 Nc6 3. Bc4 g6 4. d3 Bg7 5. h4 e6 6. h5 Nge7 7. hxg6 fxg6 8. a3 a6 9. Bh6 Bxh6 10. Rxh6 b5 11. Ba2 Bb7 12. Nf3 Qb6 13. Ng5 Ne5 14. f4 c4 15. d4 N5c6 16. Ne2 Ng8 17. Rxh7 Rxh7 18. Nxh7 O-O-O 19. Qd2 Nce7 20. Ng5 Nf6 21. Ng3 d5 22. e5 Ne4 23. N3xe4 dxe4 24. O-O-O Nf5 25. c3 Kb8 26. Bb1 e3 27. Qe2 Nh4 28. g3 Nf5 29. g4 Nh4 30. Qxe3 Ng2 31. Qg3 Rf8 32. Rf1 Qc7 33. Nxe6 Nxf4 34. Rxf4 1-0

[Event "GER-chT Youth Countries 2018"]
[Site "Wurzburg"]
[Date "2018.10.06"]
[Round "6"]
[White "Butenandt, Svenja"]
[Black "Braeutigam, Katerina"]
[Result "1-0"]
[ECO "E12"]
[WhiteElo "1762"]
[BlackElo "1696"]
[Annotator "NA RC"]
[PlyCount "81"]
[EventDate "2018.10.03"]
[EventType "team-tourn"]
[EventCountry "GER"]
[SourceTitle "playchess.com"]
[Source "ChessBase"]
[SourceQuality "1"]
[TimeControl "40/5400+30:1800+30"]

1. d4 Nf6 2. c4 e6 3. Nf3 b6 4. Bg5 Bb7 5. e3 Be7 6. Nc3 Bb4 7. Be2 h6 8. Bh4 g5 9. Bg3 Ne4 10. Qb3 Bxc3+ 11. bxc3 f5 12. Be5 Rg8 13. h3 Nc6 14. Bh2 d6 15. Qc2 Na5 16. Rd1 Qf6 17. O-O h5 18. Nd2 g4 19. hxg4 hxg4 20. Qa4+ Ke7 21. Nxe4 Bxe4 22. f3 Bc6 23. Qc2 g3 24. d5 gxh2+ 25. Kh1 Qg5 26. Rf2 Qxe3 27. Rdf1 Bd7 28. Bd3 Qg5 29. Re2 Raf8 30. dxe6 Bxe6 31. Rfe1 Rg6 32. Re3 Kd7 33. Qe2 Bf7 34. g4 Kd8 35. Bxf5 Rgg8 36. Re7 Bxc4 37. Qe4 d5 38. Qe6 Qxf5 39. gxf5 Bb5 40. Qxd5+ Bd7 41. Qxd7# 1-0

[Event "GER-chT Youth Countries 2018"]
[Site "Wurzburg"]
[Date "2018.10.06"]
[Round "6"]
[White "Dietz, Kristin"]
[Black "Lutz, Adam"]
[Result "1/2-1/2"]
[ECO "B85"]
[WhiteElo "1762"]
[BlackElo "1787"]
[Annotator "NA RC"]
[PlyCount "74"]
[EventDate "2018.10.03"]
[EventType "team-tourn"]
[EventCountry "GER"]
[SourceTitle "playchess.com"]
[Source "ChessBase"]
[SourceQuality "1"]
[TimeControl "40/5400+30:1800+30"]

1. e4 c5 2. Nf3 e6 3. d4 cxd4 4. Nxd4 Nf6 5. Nc3 d6 6. Be2 a6 7. O-O Qc7 8. Be3 b5 9. a3 Bb7 10. Bd3 Nbd7 11. f4 Be7 12. Kh1 O-O 13. Qe1 Nc5 14. Bg1 Rac8 15. Rc1 Qb8 16. Nf3 Rfd8 17. e5 Nxd3 18. cxd3 Nd5 19. Nxd5 Bxd5 20. Qg3 Rxc1 21. Rxc1 Rc8 22. Rxc8+ Qxc8 23. Nd4 Qc1 24. Qf2 dxe5 25. fxe5 Bc5 26. Qc2 Qf1 27. Qe2 Qxe2 28. Nxe2 Be7 29. b4 Bg5 30. Bc5 f6 31. exf6 gxf6 32. Kg1 Kf7 33. Kf2 e5 34. g3 f5 35. Be3 Be7 36. Nc3 Bc6 37. d4 exd4 1/2-1/2

[Event "GER-chT Youth Countries 2018"]
[Site "Wurzburg"]
[Date "2018.10.06"]
[Round "6"]
[White "Genov, Valentin"]
[Black "Leser, Katrin"]
[Result "0-1"]
[ECO "D53"]
[WhiteElo "1756"]
[BlackElo "2018"]
[Annotator "NA RC"]
[PlyCount "102"]
[EventDate "2018.10.03"]
[EventType "team-tourn"]
[EventCountry "GER"]
[SourceTitle "playchess.com"]
[Source "ChessBase"]
[SourceQuality "1"]
[TimeControl "40/5400+30:1800+30"]

1. d4 Nf6 2. c4 e6 3. Nc3 d5 4. Bg5 Be7 5. Nf3 O-O 6. Qc2 h6 7. Bh4 b6 8. Bxf6 {[%emt 0:00:27] D53: Queen's Gambit Declined: 4 Bg5 Be7: Early deviations} (8. cxd5 Nxd5 9. Nxd5 exd5 10. Bxe7 Qxe7 11. Rc1 c5 12. dxc5 Bg4 13. e3 Bxf3 14. gxf3 Rc8 15. Qd2 Rxc5 16. Rxc5 Qxc5 {½-½ (31) Onischuk,A (2664)-Akobian,V (2615) Saint Louis 2016}) 8... Bxf6 9. e4 Bb7 10. cxd5 exd5 11. e5 {[%emt 0:01:45] LiveBook: 5 Games} Be7 12. Bd3 c5 13. O-O Nc6 14. Ne2 $146 ({Predecessor:} 14. Bf5 Ba6 15. Rfd1 cxd4 16. Nxd4 Nxe5 {1-0 (33) Mar,C (2419)-Samatra,M (1914) San Francisco 2006}) 14... Bc8 15. h3 f6 (15... Nb4 $15 16. Qb1 Nxd3 17. Qxd3 a5) 16. exf6 ({White should play} 16. Rad1 $16) 16... Rxf6 17. Ne5 Nxd4 18. Nxd4 cxd4 19. Rfe1 Bc5 20. a3 Bb7 21. b4 (21. Ng4 $16) 21... Bd6 22. f4 Rc8 23. Qd2 ({White should play} 23. Qf2 $14) 23... Rc3 24. Bf1 Qc7 (24... Qc8 $1 $15 25. Qxd4 Rg3) 25. Qxd4 Rc2 26. Bd3 (26. Re3 $11) 26... Qc3 $1 27. Qxc3 Rxc3 28. Rec1 (28. Rad1 $1 $15) 28... Rxc1+ (28... Rb3 $17 29. Rcb1 Rxb1+ 30. Rxb1 Rxf4) 29. Rxc1 Rxf4 30. Nf3 ({White should play} 30. Nc6 $1 $15) 30... d4 (30... a5 $142 31. bxa5 bxa5) 31. Kf2 Kf7 32. Bc4+ Kf6 33. Rd1 a5 34. bxa5 bxa5 35. a4 (35. Rb1 $17 Be4 36. Rb6) 35... Bb4 36. Bb5 Bd5 37. Ke2 Bc3 38. Rd3 (38. Bd3 $142) 38... Be4 39. Rd1 Bc2 40. Rc1 Re4+ 41. Kf2 Bb3 42. Rb1 Ba2 43. Rd1 Ke6 44. g3 Kd5 45. Ng1 (45. Nd2 $142 Re3 46. Nb1) 45... Bc4 $19 46. Bxc4+ Kxc4 47. Kf3 Re1 48. Rxe1 Bxe1 49. g4 d3 50. Ke3 d2 51. Ke2 Kb4 0-1

[Event "GER-chT Youth Countries 2018"]
[Site "Wurzburg"]
[Date "2018.10.06"]
[Round "6"]
[White "Deuer, Marius"]
[Black "Genova, Magdalina"]
[Result "1/2-1/2"]
[ECO "B51"]
[WhiteElo "1711"]
[BlackElo "1425"]
[Annotator "NA RC"]
[PlyCount "82"]
[EventDate "2018.10.03"]
[EventType "team-tourn"]
[EventCountry "GER"]
[SourceTitle "playchess.com"]
[Source "ChessBase"]
[SourceQuality "1"]
[TimeControl "40/5400+30:1800+30"]

1. e4 c5 2. Nf3 d6 3. Bb5+ Nd7 4. O-O a6 5. Bd3 Ngf6 6. Re1 b5 7. c4 b4 8. a3 bxa3 9. Rxa3 g6 10. b3 Bg7 11. Bb2 O-O 12. Nc3 Bb7 13. h3 Ne5 14. Nxe5 dxe5 15. Bf1 Nd7 16. g3 e6 17. Bg2 f5 18. Na4 Qc7 19. Bc3 Rad8 20. Qc2 f4 21. b4 Rf7 22. h4 Rc8 23. d3 Rcf8 24. Bh3 Re8 25. Qb3 Qd6 26. bxc5 Nxc5 27. Nxc5 Qxc5 28. g4 Bf8 29. Ra5 Qa7 30. Bxe5 Bc5 31. Re2 Rd7 32. Bxf4 Rf8 33. Be3 Bxe3 34. Rxe3 Rdf7 35. g5 Bc8 36. Qc2 Rxf2 37. Qxf2 Rxf2 38. Kxf2 Qb6 39. Ra2 Qc5 40. Rd2 e5 41. Bxc8 Qxc8 1/2-1/2

[Event "GER-chT Youth Countries 2018"]
[Site "Wurzburg"]
[Date "2018.10.06"]
[Round "6"]
[White "Pohle, Saskia"]
[Black "Langer, Paul Georg"]
[Result "1-0"]
[ECO "B91"]
[WhiteElo "1690"]
[BlackElo "1348"]
[Annotator "NA RC"]
[PlyCount "79"]
[EventDate "2018.10.03"]
[EventType "team-tourn"]
[EventCountry "GER"]
[SourceTitle "playchess.com"]
[Source "ChessBase"]
[SourceQuality "1"]
[TimeControl "40/5400+30:1800+30"]

1. e4 c5 2. Nf3 d6 3. d4 cxd4 4. Nxd4 Nf6 5. Nc3 a6 6. g3 e5 7. Nde2 Be7 8. Bg2 Be6 9. O-O O-O 10. h3 Nbd7 11. Be3 Qc7 12. a4 Rfc8 13. Qd2 Bc4 14. Rfc1 Qb8 15. g4 Nc5 16. Ng3 Be6 17. Nf5 Bxf5 18. exf5 h6 19. Re1 Re8 20. Nd5 Nxd5 21. Qxd5 Rc8 22. b4 Nd7 23. Qxb7 Qxb7 24. Bxb7 Rab8 25. Bxc8 Rxc8 26. Rec1 d5 27. b5 d4 28. Bd2 axb5 29. axb5 Rb8 30. Ra7 Rd8 31. Ba5 Bc5 32. Rc7 Bb6 33. Bxb6 Nxb6 34. Rc6 Rb8 35. Kg2 Na4 36. Ra1 Nc3 37. b6 Nd5 38. Rb1 Kf8 39. b7 Ke7 40. Rc8 1-0

[Event "GER-chT Youth Countries 2018"]
[Site "Wurzburg"]
[Date "2018.10.06"]
[Round "6"]
[White "Abele, Anais"]
[Black "Reitz, Theresa"]
[Result "0-1"]
[ECO "B40"]
[WhiteElo "1679"]
[BlackElo "1788"]
[Annotator "NA RC"]
[PlyCount "100"]
[EventDate "2018.10.03"]
[EventType "team-tourn"]
[EventCountry "GER"]
[SourceTitle "playchess.com"]
[Source "ChessBase"]
[SourceQuality "1"]
[TimeControl "40/5400+30:1800+30"]

1. e4 c5 2. Nf3 e6 3. d4 cxd4 4. Nxd4 Bc5 5. Nb3 Bb6 6. Bd3 Ne7 7. Nc3 O-O 8. O-O f5 9. exf5 Nxf5 10. Qe2 Nc6 11. g4 Nfd4 12. Nxd4 Nxd4 13. Qe4 Nf3+ 14. Kh1 Qh4 15. Bf4 Rxf4 16. Qxf4 Bc7 17. Qxc7 e5 18. Kg2 d5 19. h3 Bxg4 20. Rh1 Rf8 21. Nd1 Bh5 22. Kf1 Qg5 23. Ne3 d4 24. Ng4 Kh8 25. Be2 Nd2+ 26. Ke1 e4 27. Qd6 Re8 28. Qxd4 Nf3+ 29. Bxf3 exf3+ 30. Kd1 Rd8 31. c3 Rxd4+ 32. cxd4 Bxg4 33. hxg4 Qb5 34. Re1 Qd3+ 35. Kc1 h6 36. Rd1 Qc4+ 37. Kb1 Qe2 38. Kc1 Qxf2 39. d5 Qc5+ 40. Kb1 f2 41. d6 Qxd6 42. Kc2 Qc6+ 43. Kd2 Qg2 44. Rf1 Qxg4 45. Rxf2 Qd4+ 46. Ke1 Qe4+ 47. Kd2 Qe5 48. Rb1 Qd4+ 49. Ke1 Qe4+ 50. Kd2 Qxb1 0-1

[Event "GER-chT Youth Countries 2018"]
[Site "Wurzburg"]
[Date "2018.10.06"]
[Round "6"]
[White "Mundt, Alexandra"]
[Black "Oberhofer, Marie"]
[Result "0-1"]
[ECO "A04"]
[WhiteElo "1679"]
[BlackElo "1724"]
[Annotator "NA RC"]
[PlyCount "78"]
[EventDate "2018.10.03"]
[EventType "team-tourn"]
[EventCountry "GER"]
[SourceTitle "playchess.com"]
[Source "ChessBase"]
[SourceQuality "1"]
[TimeControl "40/5400+30:1800+30"]

1. Nf3 c5 2. b3 Nc6 3. Bb2 Nf6 4. g3 e6 5. c4 b6 6. Bg2 Bb7 7. O-O Be7 8. d4 cxd4 9. Nxd4 O-O 10. Nc3 Rb8 11. Ndb5 d6 12. Ba3 Ne8 13. Ne4 d5 14. cxd5 exd5 15. Bxe7 Qxe7 16. Nec3 Nf6 17. Re1 Rfd8 18. e3 a6 19. Nd4 Ne4 20. Rc1 Rbc8 21. Nxe4 dxe4 22. Nxc6 Bxc6 23. Qg4 Bb7 24. Rcd1 g6 25. Rd4 Rxd4 26. exd4 f5 27. Qe2 Qb4 28. Rd1 Qc3 29. d5 Rd8 30. d6 Qc6 31. Qd2 Kf7 32. Bf1 e3 33. Bc4+ Kf8 34. fxe3 Qh1+ 35. Kf2 Qxh2+ 36. Kf1 Qxg3 37. Qd4 Bg2+ 38. Ke2 Bf3+ 39. Kd2 Rxd6 0-1

[Event "GER-chT Youth Countries 2018"]
[Site "Wurzburg"]
[Date "2018.10.06"]
[Round "6"]
[White "Amato, Cristiano"]
[Black "Kluehs, Gustaf"]
[Result "1-0"]
[ECO "B24"]
[WhiteElo "1661"]
[BlackElo "1775"]
[Annotator "NA RC"]
[PlyCount "39"]
[EventDate "2018.10.03"]
[EventType "team-tourn"]
[EventCountry "GER"]
[SourceTitle "playchess.com"]
[Source "ChessBase"]
[SourceQuality "1"]
[TimeControl "40/5400+30:1800+30"]

1. e4 c5 2. Nc3 Nc6 3. Bb5 Nd4 4. Bc4 g6 5. Nge2 Bg7 6. Nxd4 cxd4 7. Qf3 Nh6 8. Ne2 O-O 9. d3 Ng4 10. Bb3 Ne5 11. Qg3 Nc6 12. h4 Be5 13. f4 Bc7 14. h5 e6 15. Qh3 Ba5+ 16. Kd1 Qf6 17. hxg6 Qxg6 18. f5 Qg7 19. Bh6 Qh8 20. Qg4+ 1-0

[Event "GER-chT Youth Countries 2018"]
[Site "Wurzburg"]
[Date "2018.10.06"]
[Round "6"]
[White "Haenselmann, Hendrik"]
[Black "Boehm, Jana"]
[Result "1/2-1/2"]
[ECO "B90"]
[WhiteElo "1660"]
[BlackElo "2001"]
[Annotator "NA RC"]
[PlyCount "84"]
[EventDate "2018.10.03"]
[EventType "team-tourn"]
[EventCountry "GER"]
[SourceTitle "playchess.com"]
[Source "ChessBase"]
[SourceQuality "1"]
[TimeControl "40/5400+30:1800+30"]

1. e4 c5 2. Nf3 d6 3. d4 cxd4 4. Nxd4 Nf6 5. Nc3 a6 6. a4 e5 7. Nf3 Qc7 8. Bg5 Nbd7 9. Nd2 h6 {[%emt 0:00:19] B90: Sicilian Najdorf: Unusual White 6th moves, 6 Be3 Ng4 and 6 Be3 e5} 10. Bxf6 (10. Bh4 g5 11. Bg3 Nc5 12. h4 g4 13. h5 Be6 14. Bh4 Ncd7 15. g3 Rc8 16. Bg2 Qb6 17. Rb1 Qb4 18. Nd5 Nxd5 19. exd5 {½-½ (60) Onischuk,V (2630)-Livaic,L (2468) Budapest 2018}) 10... Nxf6 11. Bc4 Be7 12. O-O O-O 13. Re1 Be6 14. Bb3 Rac8 15. Nf1 Bd8 $146 ({Predecessor:} 15... Qc6 16. Ne3 Bd8 17. Qd3 Ba5 18. Ncd5 Bxd5 19. Bxd5 Nxd5 20. exd5 {½-½ (64) Leks,H (2212)-Zawadzka,J (2353) Warsaw 2006}) 16. Qd3 Qc5 17. Ne3 Ba5 18. Ned1 Rfe8 19. Re3 Rcd8 20. Nd5 Nxd5 21. Bxd5 Bxd5 22. exd5 Rc8 23. c3 Bd8 24. Rg3 (24. Re1 $11 {keeps the balance.}) 24... e4 25. Qe3 (25. Qe2 $17) 25... Bg5 $1 26. Qxc5 Rxc5 27. Ne3 {[%emt 0:00:21] [#]} Bf4 (27... Re5 $1 $19 28. Rf1 f5) 28. Rh3 Bxe3 29. Rxe3 Rxd5 30. f3 Rde5 31. Rd1 exf3 32. Rxf3 Re2 33. b4 Rc2 34. Rf2 Rxc3 35. Rxd6 Rc1+ 36. Rf1 Rc2 37. Rd7 Ree2 38. Rfxf7 Rxg2+ 39. Kf1 Rxh2 $2 (39... b6 $19 40. Ra7 Ra2) 40. Rxg7+ Kf8 41. Rgf7+ Ke8 42. Rfe7+ Kf8 $11 1/2-1/2

[Event "GER-chT Youth Countries 2018"]
[Site "Wurzburg"]
[Date "2018.10.06"]
[Round "6"]
[White "Wagner, Margarethe"]
[Black "Roessel, Gino"]
[Result "0-1"]
[ECO "B90"]
[WhiteElo "1643"]
[BlackElo "1778"]
[Annotator "NA RC"]
[PlyCount "68"]
[EventDate "2018.10.03"]
[EventType "team-tourn"]
[EventCountry "GER"]
[SourceTitle "playchess.com"]
[Source "ChessBase"]
[SourceQuality "1"]
[TimeControl "40/5400+30:1800+30"]

1. e4 c5 2. Nf3 d6 3. d4 cxd4 4. Nxd4 Nf6 5. Nc3 a6 6. f3 e5 7. Nb3 Be6 8. Be3 Be7 9. Qd2 O-O 10. O-O-O Nbd7 11. g4 b5 12. h4 Nb6 13. Bd3 b4 14. Ne2 a5 15. Kb1 Qc7 16. h5 Nc4 17. Bxc4 Bxc4 18. Nbc1 Ra6 19. Nd3 Rc8 20. Rc1 Qb7 21. g5 Nd7 22. Ng3 Be6 23. g6 Rb8 24. gxf7+ Kxf7 25. h6 g6 26. f4 a4 27. fxe5 Nxe5 28. Rhf1+ Kg8 29. Nxe5 dxe5 30. Bg5 b3 31. cxb3 axb3 32. a3 Bxa3 33. bxa3 b2 34. Rc2 Ba2+ 0-1

[Event "GER-chT Youth Countries 2018"]
[Site "Wurzburg"]
[Date "2018.10.06"]
[Round "6"]
[White "Roncea, Andrea-Alexandra"]
[Black "Schulz, Hannah"]
[Result "0-1"]
[ECO "B13"]
[WhiteElo "1515"]
[BlackElo "1527"]
[Annotator "NA RC"]
[PlyCount "112"]
[EventDate "2018.10.03"]
[EventType "team-tourn"]
[EventCountry "GER"]
[SourceTitle "playchess.com"]
[Source "ChessBase"]
[SourceQuality "1"]
[TimeControl "40/5400+30:1800+30"]

1. e4 c6 2. d4 d5 3. exd5 cxd5 4. Bd3 Nc6 5. c3 g6 6. Nf3 Nf6 7. Nbd2 Bg7 8. O-O O-O 9. Re1 Bf5 10. Bxf5 gxf5 11. h3 e6 12. Ne5 Ne4 13. Nxc6 bxc6 14. Nxe4 fxe4 15. Re3 Kh8 16. Rg3 Rg8 17. Qh5 Qe7 18. Bf4 Raf8 19. Rxg7 Rxg7 20. Bh6 Rfg8 21. Bxg7+ Rxg7 22. Qe2 Qg5 23. g3 e3 24. Kh2 exf2 25. Qxf2 Rg6 26. Rf1 Rg7 27. Qf4 Qxf4 28. Rxf4 f5 29. Rf1 Rb7 30. b3 Kg7 31. Kg2 Kg6 32. Kf3 Kg5 33. h4+ Kg6 34. Kf4 Kf6 35. Re1 h5 36. Kf3 Rg7 37. Rc1 Rg4 38. Rg1 e5 39. dxe5+ Kxe5 40. Re1+ Re4 41. Rd1 f4 42. gxf4+ Rxf4+ 43. Kg3 Rg4+ 44. Kh3 Re4 45. Rg1 Re3+ 46. Kh2 Rxc3 47. Rg5+ Kf4 48. Rxh5 Kg4 49. Rg5+ Kxh4 50. Rg2 Rh3+ 51. Kg1 Rg3 52. Kf2 Rxg2+ 53. Kxg2 Kg4 54. Kf2 Kf4 55. Ke2 Ke4 56. Kd2 Kd4 0-1

[Event "GER-chT Youth Countries 2018"]
[Site "Wurzburg"]
[Date "2018.10.06"]
[Round "6"]
[White "Woerz, Ann-Sophie"]
[Black "Hubert, Charlotte"]
[Result "1-0"]
[ECO "C42"]
[WhiteElo "1463"]
[BlackElo "1376"]
[Annotator "NA RC"]
[PlyCount "90"]
[EventDate "2018.10.03"]
[EventType "team-tourn"]
[EventCountry "GER"]
[SourceTitle "playchess.com"]
[Source "ChessBase"]
[SourceQuality "1"]
[TimeControl "40/5400+30:1800+30"]

1. e4 e5 2. Nf3 Nf6 3. Nxe5 d6 4. Nf3 Nxe4 5. Nc3 Nxc3 6. dxc3 Be7 7. Be3 Nc6 8. Qd2 Be6 9. Bd3 Qd7 10. a3 O-O-O 11. O-O-O Bf6 12. h3 h6 13. Bb5 a6 14. Ba4 Rhe8 15. Bd4 Bxd4 16. cxd4 b5 17. Bxb5 axb5 18. d5 Bf5 19. dxc6 Qxc6 20. Nd4 Qd7 21. Qa5 Be4 22. f3 Bb7 23. Qxb5 Qxb5 24. Nxb5 Re2 25. Rd2 Rde8 26. Nc3 R2e6 27. Kd1 Rg6 28. Re1 Rxe1+ 29. Kxe1 Kd7 30. b4 Kc6 31. Kf2 Kb6 32. Nd5+ Bxd5 33. Rxd5 Re6 34. c4 Re8 35. a4 Ra8 36. Rb5+ Kc6 37. a5 f6 38. Ke3 Ra6 39. Rb8 Kd7 40. Kd4 g5 41. Rh8 Ke7 42. Rxh6 Ke6 43. g3 Ke7 44. h4 gxh4 45. gxh4 Ke8 1-0

[Event "GER-chT Youth Countries 2018"]
[Site "Wurzburg"]
[Date "2018.10.06"]
[Round "6"]
[White "Ruhmke, Rebecca"]
[Black "Liu, Sijia Anna"]
[Result "1-0"]
[ECO "B24"]
[WhiteElo "1399"]
[BlackElo "1730"]
[Annotator "NA RC"]
[PlyCount "85"]
[EventDate "2018.10.03"]
[EventType "team-tourn"]
[EventCountry "GER"]
[SourceTitle "playchess.com"]
[Source "ChessBase"]
[SourceQuality "1"]
[TimeControl "40/5400+30:1800+30"]

1. e4 c5 2. Nc3 Nc6 3. g3 g6 4. Bg2 Bg7 5. f4 e6 6. Nf3 Nge7 7. O-O O-O 8. Ne2 d5 9. e5 b5 10. d3 Bb7 11. g4 Re8 12. Ng3 f5 13. exf6 Bxf6 14. Qe2 Nd4 15. Nxd4 Bxd4+ 16. Kh1 Nc6 17. c3 Bg7 18. Qf2 c4 19. d4 b4 20. Bd2 a5 21. Rae1 Qd7 22. f5 exf5 23. gxf5 Rf8 24. Qf4 Rf6 25. h4 Raf8 26. Bh3 Qf7 27. Qg4 Bc8 28. Bg5 gxf5 29. Qf4 Rg6 30. Bxf5 Qb7 31. h5 h6 32. hxg6 hxg5 33. Qxg5 bxc3 34. Qh5 Bxd4 35. bxc3 Bxc3 36. Be6+ Bxe6 37. Rxf8+ Kxf8 38. Rxe6 Bd4 39. Qxd5 Qb1+ 40. Kg2 Qg1+ 41. Kf3 Ne5+ 42. Rxe5 Bxe5 43. Qf7# 1-0

[Event "GER-chT Youth Countries 2018"]
[Site "Wurzburg"]
[Date "2018.10.06"]
[Round "6"]
[White "Zoellner, Bente"]
[Black "Keymer, Cecilia"]
[Result "1-0"]
[ECO "D11"]
[WhiteElo "1354"]
[BlackElo "1479"]
[Annotator "NA RC"]
[PlyCount "151"]
[EventDate "2018.10.03"]
[EventType "team-tourn"]
[EventCountry "GER"]
[SourceTitle "playchess.com"]
[Source "ChessBase"]
[SourceQuality "1"]
[TimeControl "40/5400+30:1800+30"]

1. d4 d5 2. c4 c6 3. Nf3 Nf6 4. Bg5 Ne4 5. Bh4 h6 6. cxd5 cxd5 7. Nfd2 Nxd2 8. Nxd2 Qb6 9. Nb3 Bf5 10. e3 e6 11. Bd3 Bb4+ 12. Ke2 Bxd3+ 13. Qxd3 Qa6 14. Rhc1 Qxd3+ 15. Kxd3 Nc6 16. f3 O-O 17. Nc5 Bxc5 18. Rxc5 Rac8 19. a3 g5 20. Bg3 Rfd8 21. Rac1 Ne7 22. b4 Nc6 23. b5 Ne7 24. Bd6 Rxc5 25. Bxc5 Rc8 26. Rb1 Nf5 27. Bxa7 Ra8 28. Bc5 Nh4 29. Rb2 Kg7 30. Ra2 Ra4 31. Bb4 Ra7 32. a4 Kf6 33. a5 Nf5 34. Bc5 Ra8 35. a6 bxa6 36. Rxa6 Rb8 37. b6 h5 38. Ra7 h4 39. Rc7 Nd6 40. Bxd6 Rxb6 41. Be5+ Kg6 42. e4 f6 43. exd5 exd5 44. f4 fxe5 45. fxe5 Rb3+ 46. Rc3 Rb2 47. Rc2 Rb3+ 48. Ke2 Rb4 49. Rd2 Kf5 50. Kf2 g4 51. Re2 Ke6 52. Rd2 Kf5 53. Ke2 Ra4 54. Kd3 Ra3+ 55. Kc2 Ra2+ 56. Kc3 Ra8 57. Rf2+ Kg5 58. Kb4 Rc8 59. e6 Re8 60. Re2 Kf6 61. e7 Rxe7 62. Rxe7 Kxe7 63. Kc5 Ke6 64. Kc6 Ke7 65. Kxd5 Kd7 66. Ke5 Ke7 67. d5 Kd7 68. d6 Kd8 69. Kf4 g3 70. h3 Kd7 71. Kg4 Kxd6 72. Kxh4 Ke6 73. Kxg3 Kf5 74. Kf3 Kg5 75. g4 Kh4 76. Kf4 1-0

[Event "GER-chT Youth Countries 2018"]
[Site "Wurzburg"]
[Date "2018.10.07"]
[Round "7"]
[White "Gschnitzer, Adrian"]
[Black "Nothnagel, Marian Can"]
[Result "0-1"]
[ECO "C55"]
[WhiteElo "2363"]
[BlackElo "2341"]
[Annotator "ChessBase"]
[PlyCount "92"]
[EventDate "2018.10.03"]
[EventType "team-tourn"]
[EventCountry "GER"]
[SourceTitle "playchess.com"]
[Source "ChessBase"]
[SourceQuality "1"]
[TimeControl "40/5400+30:1800+30"]

1. e4 e5 2. Nf3 Nc6 3. Bc4 Nf6 4. d3 Be7 5. O-O O-O 6. Re1 d6 7. a4 Kh8 8. h3 h6 9. Nbd2 Nh7 10. Nf1 Ng5 11. Nxg5 Bxg5 12. Bxg5 Qxg5 13. Ng3 Ne7 14. d4 Ng6 15. dxe5 dxe5 16. Qh5 Qf6 17. Nf5 Nf4 18. Qh4 Bxf5 19. Qxf6 gxf6 20. exf5 Rg8 21. g3 Nxh3+ 22. Kg2 Ng5 23. Rh1 Kg7 24. Rh4 Rad8 25. Bd3 Rge8 26. f4 e4 27. fxg5 exd3 28. Rxh6 fxg5 29. Rah1 Rd6 30. Rxd6 cxd6 31. cxd3 Re3 32. Rd1 g4 33. Kf2 Rf3+ 34. Kg2 Rxf5 35. d4 Rf3 36. Re1 Rb3 37. Re4 Rxb2+ 38. Kf1 f5 39. Re6 Rb6 40. a5 Ra6 41. Kf2 Kf7 42. Rh6 Rxa5 43. Ke3 Ke7 44. Rh7+ Ke6 45. Rxb7 Ra3+ 46. Kf2 Kd5 0-1

[Event "GER-chT Youth Countries 2018"]
[Site "Wurzburg"]
[Date "2018.10.07"]
[Round "7"]
[White "Ewert, Hannes"]
[Black "Sieber, Fiona"]
[Result "1/2-1/2"]
[ECO "E15"]
[WhiteElo "2314"]
[BlackElo "2246"]
[Annotator "ChessBase"]
[PlyCount "79"]
[EventDate "2018.10.03"]
[EventType "team-tourn"]
[EventCountry "GER"]
[SourceTitle "playchess.com"]
[Source "ChessBase"]
[SourceQuality "1"]
[TimeControl "40/5400+30:1800+30"]

1. d4 Nf6 2. c4 e6 3. Nf3 b6 4. g3 Ba6 5. b3 Bb4+ 6. Bd2 Be7 7. Bg2 c6 8. Bc3 d5 9. Nbd2 O-O 10. O-O Nbd7 11. Re1 Bb7 12. Qc2 c5 13. dxc5 Bxc5 14. b4 Bd6 15. Qb2 Re8 16. cxd5 exd5 17. Rad1 Rc8 18. Nb3 Bf8 19. a3 Ne4 20. Bd4 Qe7 21. Nc1 Nb8 22. Bh3 Rcd8 23. Qa1 Nc6 24. Bb2 b5 25. Nd4 a5 26. Nxc6 Bxc6 27. Nd3 Qg5 28. Bc1 Qe7 29. bxa5 Qa7 30. Bb2 Qxa5 31. Rc1 Bb7 32. Nb4 f6 33. Nc2 Ra8 34. Nd4 b4 35. axb4 Qb6 36. Qb1 Bxb4 37. Red1 Ba6 38. Rc6 Qa7 39. Be6+ Kh8 40. Bxd5 1/2-1/2